Map: Moondance

Players

ShoWTimE - Winner!

  • Race: Protoss Protoss
  • Spawn Location: 6:00

Solar

  • Race: Zerg Zerg
  • League: Master
  • Spawn Location: 12:00

Event: HomeStory Cup XXII

VOD

Have the link to the VOD?

Description

Time

  • Played on: Dec. 17, 2022, 1:57 p.m.
  • Length: 16:12

All games in this series

Show
View Real Time Build Order
Export as new Build Order

ShoWTimE Protoss - Winner!

Build Orders: 1 Gate Expand, Oracle Opening 

Get SALT Encoding   

  12  0:00  Probe  
  13  0:12  Probe  
  14  0:20  Pylon  
  14  0:24  Probe  
  15  0:38  Probe (Chrono Boost)  
  15  0:40  Gateway  
  16  0:47  Probe (Chrono Boost)  
  16  0:48  Assimilator  
  17  0:52  Probe (Chrono Boost)  
  18  1:04  Probe  
  19  1:16  Probe  
  20  1:24  Nexus  
  20  1:28  Probe  
  21  1:37  Cybernetics Core  
  21  1:42  Assimilator  
  21  1:46  Probe  
  22  1:53  Pylon  
  22  1:58  Probe  
  23  2:08  Probe  
  23  2:11  Adept (Chrono Boost)  
  26  2:16  Probe  
  26  2:17  Stargate  
  27  2:25  Probe  
  27  2:27  Warp Gate  
  28  2:34  Stalker  
  28  2:37  Probe (Chrono Boost)  
  31  2:43  Probe (Chrono Boost)  
  32  2:49  Probe (Chrono Boost)  
  34  2:54  Probe x2 (Chrono Boost)  
  35  3:00  Oracle (Chrono Boost)  
  35  3:03  Probe  
  35  3:04  Probe  
  40  3:10  Pylon  
  40  3:15  Probe  
  40  3:16  Probe  
  42  3:27  Probe  
  42  3:28  Probe  
  42  3:29  Oracle  
  47  3:39  Nexus, Probe  
  47  3:40  Probe  
  49  3:46  Pylon  
  49  3:51  Probe  
  49  3:52  Probe, Assimilator  
  49  3:54  Assimilator  
  51  4:03  Probe  
  51  4:04  Probe  
  51  4:06  Forge  
  51  4:07  Twilight Council  
  53  4:15  Probe  
  53  4:17  Probe  
  55  4:18  Pylon  
  55  4:22  Robotics Facility  
  55  4:28  Probe  
  55  4:29  Probe  
  57  4:34  Blink (Chrono Boost)  
  57  4:37  Protoss Ground Weapons Level 1 (Chrono Boost), Gateway  
  54  4:38  Gateway  
  54  4:40  Probe (Chrono Boost)  
  54  4:41  Probe (Chrono Boost)  
  56  4:51  Probe (Chrono Boost)  
  56  4:52  Probe (Chrono Boost)  
  58  4:53  Probe (Chrono Boost)  
  58  4:57  Adept  
  62  5:00  Probe (Chrono Boost)  
  62  5:01  Probe x2 (Chrono Boost)  
  62  5:05  Probe (Chrono Boost)  
  62  5:06  Probe, Gateway  
  64  5:07  Probe  
  64  5:08  Pylon  
  64  5:11  Observer  
  68  5:18  Stalker  
  68  5:20  Pylon  
  70  5:37  Stalker x2  
  70  5:41  Nexus  
  70  5:42  Pylon  
  70  5:46  Robotics Bay  
  70  5:47  Stalker  
  70  5:49  Probe x2  
  74  5:50  Probe  
  75  5:58  Warp Prism (Chrono Boost)  
  75  6:01  Probe x2  
  75  6:02  Probe  
  80  6:04  Shield Battery  
  80  6:05  Stalker x3  
  86  6:13  Probe x2  
  86  6:14  Probe  
  86  6:17  Gateway  
  89  6:19  Gateway  
  89  6:21  Photon Cannon  
  89  6:23  Shield Battery  
  89  6:26  Shield Battery  
  89  6:28  Photon Cannon  
  89  6:32  Stalker x2  
  93  6:35  Probe  
  93  6:36  Probe x2  
  93  6:39  Disruptor (Chrono Boost)  
  96  6:41  Protoss Ground Weapons Level 2 (Chrono Boost)  
  99  6:47  Charge, Pylon  
  99  6:50  Probe x2  
  99  6:51  Probe  
  102  6:56  Stalker x2  
  106  7:05  Stalker x2  
  110  7:08  Pylon  
  113  7:18  Pylon  
  113  7:19  Stalker x4  
  121  7:28  Disruptor  
  121  7:29  Gateway  
  121  7:32  Gateway  
  121  7:33  Photon Cannon  
  121  7:34  Pylon  
  121  7:35  Photon Cannon  
  121  7:37  Photon Cannon  
  121  7:40  Stalker x2  
  125  7:50  Gateway  
  125  7:52  Gateway  
  125  7:53  Zealot x4  
  125  7:56  Pylon  
  68  7:58  Phoenix (Chrono Boost)  
  133  8:01  Probe  
  133  8:02  Probe x2  
  134  8:06  Zealot x2  
  138  8:17  Disruptor (Chrono Boost)  
  138  8:18  Stalker x4  
  146  8:21  Probe x2  
  146  8:25  Probe  
  146  8:26  Phoenix  
  149  8:30  Stargate  
  137  8:34  Photon Cannon x2  
  137  8:35  Probe x2  
  137  8:36  Assimilator  
  137  8:41  Assimilator  
  137  8:49  Stalker x3  
  137  8:51  Phoenix  
  140  8:57  Probe  
  139  9:04  Probe x2  
  139  9:07  Probe  
  139  9:09  Assimilator  
  139  9:17  Phoenix (Chrono Boost)  
  139  9:18  Phoenix (Chrono Boost)  
  139  9:21  Zealot x4  
  139  9:22  Zealot x3  
  157  9:27  Zealot  
  157  9:30  Dark Shrine  
  155  9:38  Phoenix  
  155  9:40  Phoenix  
  157  9:46  Fleet Beacon  
  157  9:47  Stalker x2  
  156  9:55  Stalker x2  
  156  9:59  Zealot x2  
  156  10:03  Phoenix  
  156  10:05  Zealot  
  144  10:15  Stalker x3  
  144  10:17  Probe x2  
  144  10:18  Probe  
  153  10:23  Protoss Air Weapons Level 1 (Chrono Boost)  
  153  10:25  Probe  
  153  10:26  Protoss Ground Weapons Level 3 (Chrono Boost)  
  153  10:27  Pylon  
  150  10:28  Pylon  
  150  10:33  Probe  
  141  10:36  Phoenix  
  141  10:41  Probe x3  
  141  10:42  Anion Pulse-Crystals (Chrono Boost)  
  146  10:52  Probe  
  146  10:53  Probe  
  146  10:54  Zealot x2  
  146  11:00  Probe x2  
  134  11:04  Probe  
  134  11:05  Zealot  
  134  11:08  Probe  
  136  11:13  Zealot x2  
  141  11:22  Dark Templar x3  
  141  11:27  Archon  
  141  11:31  Dark Templar x3  
  144  11:35  Archon  
  144  11:36  Archon  
  144  11:38  Phoenix  
  145  11:41  Phoenix  
  145  11:43  Probe x2 (Chrono Boost)  
  145  11:44  Probe (Chrono Boost)  
  149  11:52  Probe (Chrono Boost)  
  152  11:54  Probe x2 (Chrono Boost)  
  152  11:55  Probe (Chrono Boost)  
  152  11:59  Probe x2 (Chrono Boost)  
  152  12:00  Probe x2 (Chrono Boost)  
  155  12:05  Phoenix  
  155  12:07  Phoenix  
  160  12:09  Probe x2  
  160  12:10  Probe x2  
  160  12:11  Observer (Chrono Boost)  
  160  12:15  Dark Templar x2  
  167  12:20  Archon  
  169  12:29  Pylon  
  165  12:30  Phoenix  
  165  12:32  Phoenix  
  168  12:43  Dark Templar x3  
  174  12:44  Nexus  
  174  12:47  Archon  
  172  12:51  Dark Templar x3  
  172  12:55  Archon  
  170  13:07  Probe x2  
  170  13:08  Stalker x2  
  170  13:11  Probe  
  161  13:17  Protoss Shields Level 1 (Chrono Boost)  
  161  13:19  Pylon x2  
  161  13:30  Pylon  
  161  13:31  Pylon  
  161  13:32  Dark Templar x3  
  167  13:36  Archon x2  
  167  13:37  Dark Templar  
  168  13:42  Nexus  
  168  13:43  Archon  
  168  13:44  Observer  
  168  13:48  Zealot x2  
  167  13:54  Stalker  
  153  14:06  Stalker x3  
  153  14:18  Dark Templar x4  
  153  14:22  Archon x2  
  161  14:27  Photon Cannon  
  161  14:28  Shield Battery, Probe x2  
  163  14:36  Stalker  
  121  14:50  Dark Templar x2  
  119  14:55  Zealot x2, Archon  
  121  15:10  Zealot x3  
  121  15:11  Zealot  
  89  15:30  Dark Templar x7  
  89  15:34  Archon x3  
  89  15:35  Zealot x2  
  87  15:51  Stalker  
  87  15:55  Zealot x2  
  89  15:58  Probe x4  
Show
View Real Time Build Order
Export as new Build Order

Solar Zerg 

Build Orders: Hatch First 

Get SALT Encoding   

  12  0:00  Drone  
  13  0:12  Overlord  
  13  0:16  Drone  
  14  0:30  Drone  
  14  0:31  Drone  
  16  0:49  Hatchery  
  15  0:52  Drone  
  15  0:56  Drone  
  17  0:59  Drone  
  18  1:10  Extractor  
  17  1:14  Spawning Pool  
  17  1:18  Drone  
  17  1:21  Drone  
  18  1:28  Drone  
  19  1:38  Drone  
  20  1:49  Overlord  
  20  2:01  Queen x2  
  22  2:02  Zergling x4  
  26  2:10  Metabolic Boost  
  26  2:11  Drone  
  26  2:13  Drone  
  28  2:21  Drone  
  29  2:23  Drone  
  30  2:35  Hatchery  
  29  2:37  Zergling x2  
  29  2:43  Queen  
  32  2:49  Overlord  
  32  2:51  Drone  
  32  2:54  Drone  
  32  2:55  Drone  
  32  2:58  Drone  
  35  3:07  Queen  
  35  3:10  Drone x2  
  39  3:15  Drone x3  
  39  3:19  Drone  
  42  3:21  Overlord  
  42  3:30  Spore Crawler, Drone  
  42  3:35  Drone  
  42  3:38  Queen  
  42  3:41  Overlord  
  45  3:45  Drone x2  
  45  3:46  Drone  
  45  3:47  Queen  
  50  3:52  Spore Crawler  
  50  3:53  Drone  
  50  3:59  Drone x3  
  50  4:00  Drone  
  54  4:03  Drone  
  54  4:07  Zergling x6  
  58  4:13  Drone x2  
  60  4:17  Drone x2  
  60  4:18  Drone  
  60  4:19  Drone  
  60  4:21  Overlord  
  60  4:22  Drone  
  64  4:31  Roach Warren  
  64  4:32  Drone x3  
  64  4:34  Lair  
  64  4:38  Extractor x2  
  63  4:40  Overlord  
  63  4:41  Drone x2  
  65  4:46  Drone x4  
  69  4:53  Zergling x8  
  69  4:56  Drone  
  69  4:57  Extractor x2  
  69  4:58  Drone  
  69  4:59  Overlord  
  72  5:00  Drone x3  
  72  5:05  Drone  
  77  5:07  Drone  
  77  5:12  Overlord  
  77  5:13  Drone  
  78  5:15  Drone x2  
  78  5:17  Drone  
  78  5:18  Drone x2, Extractor  
  82  5:21  Drone x3  
  82  5:22  Drone  
  82  5:23  Drone x2  
  82  5:27  Overlord  
  86  5:36  Drone x2  
  86  5:39  Overseer  
  86  5:41  Glial Reconstitution, Pneumatized Carapace  
  87  5:45  Overlord  
  87  5:46  Roach  
  87  5:47  Roach x2  
  93  5:50  Overseer, Roach  
  93  5:52  Hatchery, Roach  
  93  5:53  Zergling x4  
  93  5:55  Zergling x2  
  99  5:59  Spire  
  99  6:01  Zergling x4  
  99  6:04  Zergling x4  
  102  6:07  Drone x2  
  102  6:08  Overlord  
  104  6:12  Overlord  
  104  6:13  Zergling x2  
  104  6:17  Drone  
  104  6:18  Drone x3  
  109  6:19  Evolution Chamber  
  109  6:21  Overlord  
  109  6:24  Drone  
  109  6:26  Drone x3  
  109  6:27  Drone  
  109  6:31  Overlord  
  112  6:35  Zergling x2  
  111  6:40  Zergling x2  
  111  6:43  Zergling x4  
  111  6:44  Zergling x2  
  115  6:47  Zerg Melee Weapons Level 1  
  115  6:48  Extractor  
  115  6:49  Extractor  
  115  6:51  Overlord  
  111  7:12  Mutalisk x12  
  111  7:15  Zerg Flyer Weapons Level 1  
  135  7:16  Drone x4  
  135  7:22  Mutalisk  
  139  7:25  Zergling x6  
  139  7:27  Mutalisk  
  146  7:30  Overlord  
  146  7:31  Zergling x2  
  146  7:36  Mutalisk x2  
  151  7:39  Hatchery  
  151  7:40  Overlord  
  151  7:42  Zergling x2  
  151  7:45  Mutalisk  
  151  7:49  Zergling x6  
  156  7:55  Mutalisk x3  
  156  7:57  Zergling x6  
  156  7:58  Overlord  
  165  7:59  Zergling x2  
  165  8:04  Mutalisk x2  
  168  8:07  Zergling x6  
  168  8:09  Drone  
  168  8:10  Zergling x2  
  172  8:18  Mutalisk x2  
  171  8:21  Zergling x4  
  171  8:26  Mutalisk  
  171  8:27  Mutalisk x2  
  169  8:30  Drone x3  
  178  8:37  Mutalisk x2  
  182  8:43  Zergling x2  
  182  8:44  Overlord x2  
  182  8:46  Overlord  
  182  8:47  Overlord, Extractor  
  182  8:49  Zergling x2, Extractor  
  182  8:50  Overlord  
  182  8:53  Mutalisk x4  
  188  9:00  Overlord x2  
  188  9:02  Overlord  
  186  9:03  Mutalisk x2  
  186  9:06  Zergling x10  
  193  9:10  Zerg Flyer Weapons Level 2  
  193  9:14  Zergling x12  
  199  9:33  Zergling x2  
  199  9:34  Zergling x2  
  194  9:39  Mutalisk  
  194  9:40  Mutalisk x3  
  193  9:46  Zergling x14  
  193  9:49  Zergling x8  
  196  9:57  Mutalisk x4  
  198  10:04  Mutalisk x6  
  198  10:06  Zergling x8  
  196  10:11  Corruptor  
  196  10:13  Zergling x4, Baneling Nest  
  185  10:14  Drone  
  185  10:16  Corruptor  
  185  10:17  Zergling x6  
  185  10:20  Zerg Melee Weapons Level 2  
  190  10:22  Zergling x6  
  190  10:24  Corruptor  
  195  10:33  Corruptor x2  
  193  10:39  Zergling x8  
  193  10:44  Corruptor x3  
  199  10:55  Centrifugal Hooks  
  199  10:59  Drone  
  199  11:00  Drone  
  199  11:01  Zergling x8  
  198  11:04  Zergling x8  
  199  11:13  Zergling x10  
  197  11:26  Hatchery  
  197  11:28  Zergling x16  
  197  11:29  Zergling x8  
  197  11:30  Zergling x6  
  197  11:31  Zergling x2  
  197  11:32  Overseer  
  194  11:33  Overseer  
  194  11:36  Zergling x4  
  194  11:38  Drone  
  197  11:45  Corruptor  
  197  11:46  Corruptor x3  
  195  11:49  Baneling x11  
  195  11:50  Baneling x6  
  195  11:52  Spore Crawler  
  195  11:53  Drone  
  199  12:00  Zergling x4  
  199  12:02  Infestation Pit  
  198  12:08  Spore Crawler  
  198  12:10  Drone  
  198  12:15  Baneling x2  
  198  12:16  Baneling x7  
  198  12:19  Baneling x6  
  198  12:20  Drone  
  193  12:31  Zergling x16  
  193  12:36  Zerg Ground Armor Level 1  
  199  12:40  Drone  
  200  12:48  Zergling x4  
  200  12:49  Spine Crawler  
  200  12:51  Zergling x28  
  200  13:01  Zergling x2  
  200  13:02  Zergling x4  
  200  13:03  Zergling x14  
  190  13:07  Zergling x18  
  190  13:08  Zergling x8  
  190  13:10  Zergling x2  
  190  13:11  Zergling x8  
  198  13:15  Hive  
  198  13:16  Drone  
  198  13:17  Baneling x11  
  198  13:18  Baneling x5  
  198  13:19  Baneling x4  
  199  13:20  Baneling  
  199  13:27  Baneling  
  199  13:28  Baneling x16  
  199  13:29  Baneling x4  
  199  13:30  Baneling  
  199  13:31  Baneling x3  
  199  13:32  Baneling  
  199  13:35  Baneling x7  
  199  13:40  Spine Crawler  
  199  13:41  Drone  
  198  13:53  Zergling x4  
  176  14:02  Zergling x2  
  176  14:03  Zergling x30  
  176  14:05  Zergling x20  
  176  14:08  Zergling x6  
  195  14:11  Zergling x6  
  195  14:16  Zergling x10  
  195  14:17  Zergling x2  
  198  14:25  Baneling x16  
  198  14:26  Baneling  
  198  14:27  Zergling x4  
  198  14:30  Adrenal Glands  
  188  14:40  Zergling x30  
  144  14:46  Zergling x10  
  144  14:48  Zergling x8  
  144  14:50  Baneling x2  
  144  14:51  Baneling x2  
  144  14:52  Zergling x4  
  150  14:55  Zergling x6  
  150  14:58  Roach x3  
  144  15:12  Zergling x22  
  148  15:18  Zergling x8  
  118  15:22  Zergling x8  
  118  15:26  Roach x2  
  116  15:29  Viper  
  116  15:32  Baneling x4  
  116  15:33  Baneling x2, Ravager x3  
  121  15:35  Roach  
  121  15:38  Roach x2  
  121  15:41  Roach  
  121  15:42  Overseer x2  
  115  15:45  Roach  
  115  15:47  Roach  
  111  15:52  Roach x2  
  111  15:53  Zergling x4  
Tags
 
Add a new tag
Caveats
  • Supply blocks, unpowered buildings, or Contaminate may cause inaccurate times.
  • Supply counts are checked every 10 seconds.